 Dungeon Crawl Stone Soup version 0.21.1-1-g345015f (webtiles) character file.

910 Labyrinth the Firebug (level 7, 0/52 HPs)
             Began as a Green Draconian Fire Elementalist on July 25, 2018.
             Was an Initiate of Qazlal.
             Slain by an orc warrior
             ... wielding a +0 flail
              (24 damage)
             ... on level 6 of the Dungeon.
             The game lasted 00:28:43 (5309 turns).

Labyrinth the Firebug (DrFE)                        Turns: 5309, Time: 00:28:44

Health: 0/52       AC: 20    Str: 12    XL:     7   Next: 81%
Magic:  4/13       EV: 12    Int: 18    God:    Qazlal [......]
Gold:   242        SH: 10    Dex: 12    Spells: 1/14 levels left

rFire    . . .     SeeInvis .   t - +2 flail (protect)
rCold    . . .     Gourm    .   n - +7 buckler of Classification {+Inv Stlth+}
rNeg     + . .     Faith    .   (armour unavailable)
rPois    +         Spirit   .   i - +1 hat
rElec    .         Reflect  .   (no cloak)
rCorr    .         Harm     +   c - +2 pair of gloves
MR       .....                  s - +2 pair of boots
Stlth    +++.......             G - amulet of harm
HPRegen  0.17/turn              g - ring of positive energy
MPRegen  0.13/turn              w - +3 ring of intelligence

@: protection aura
A: breathe noxious fumes, unfitting armour, poison resistance, cold-blooded, AC
+6
a: Breathe Noxious Fumes, Renounce Religion, Evoke Invisibility


You were on level 6 of the Dungeon.
You worshipped Qazlal.
Qazlal was noncommittal.
You were not hungry.

You visited 1 branch of the dungeon, and saw 6 of its levels.
You also visited: Sewer.

You collected 242 gold pieces.

Inventory:

Hand Weapons
 h - a +0 flail
 k - a +0 hunting sling
 l - a +0 war axe
 m - a +0 blowgun
 o - a +0 war axe
 t - a +2 flail of protection (weapon)
 u - a +0 battleaxe
 z - a +0 morningstar
Missiles
 e - 199 stones
 q - 49 poisoned needles
 r - 4 tomahawks (quivered)
Armour
 c - a +2 pair of gloves (worn)
 i - a +1 hat (worn)
 n - the +7 buckler of Classification (worn) {+Inv Stlth+}
   (You found it on level 5 of the Dungeon)

   It lets you turn invisible.
   It makes you more stealthy.
 s - a +2 pair of boots (worn)
Jewellery
 g - a ring of positive energy (left hand)
 w - a +3 ring of intelligence (right hand)
 G - an amulet of harm (around neck)
Wands
 d - a wand of flame (31)
 F - a wand of disintegration (13)
Scrolls
 p - a scroll of amnesia
 v - 4 scrolls of remove curse
 x - a scroll of fear
 E - 2 scrolls of blinking
 I - a scroll of teleportation
Potions
 f - 6 potions of curing
 j - a potion of cancellation {unknown}
 B - a potion of might
 C - a potion of flight
 D - a potion of heal wounds
 J - 2 potions of agility
Books
 a - a book of Flames

   Spells                             Type                      Level
   a - Flame Tongue                   Conjuration/Fire             1
   b - Throw Flame                    Conjuration/Fire             2
   c - Conjure Flame                  Conjuration/Fire             3
   d - Inner Flame                    Hexes/Fire                   3
   e - Sticky Flame                   Conjuration/Fire             4
   f - Fireball                       Conjuration/Fire             5
 y - a book of Air

   Spells                             Type                      Level
   a - Shock                          Conjuration/Air              1
   b - Swiftness                      Charms/Air                   2
   c - Static Discharge               Conjuration/Air              3
   d - Airstrike                      Air                          4
   e - Lightning Bolt                 Conjuration/Air              5
Comestibles
 b - 6 rations


   Skills:
 + Level 1.4 Fighting
   Level 0.3 Short Blades
 + Level 1.1(1.8) Axes
 + Level 2.3(2.4) Maces & Flails
 + Level 1.0(1.2) Slings
 + Level 0.9(1.2) Throwing
 + Level 3.3 Dodging
 + Level 2.6 Stealth
 + Level 0.1 Shields
 + Level 4.1 Spellcasting
 + Level 3.1 Conjurations
 + Level 5.5 Fire Magic


You had one spell level left.
You knew the following spells:

 Your Spells              Type           Power        Failure   Level  Hunger
a - Flame Tongue          Conj/Fire      ###..        4%          1    None
b - Throw Flame           Conj/Fire      ###...       6%          2    ##.....
c - Conjure Flame         Conj/Fire      ###.....     12%         3    ###....
d - Inner Flame           Hex/Fire       ##......     22%         3    ###....
e - Sticky Flame          Conj/Fire      ###.....     36%         4    ####...


Dungeon Overview and Level Annotations

Branches:
Dungeon (6/15)
 Temple: D:4-7

Altars:
Dithmenos
Fedhas
Hepliaklqana
Qazlal
Ru
Zin
The Shining One

Shops:
D:5 [


Innate Abilities, Weirdness & Mutations

You can breathe blasts of noxious fumes.
Your lurid green scales are hard. (AC +6)
You cannot fit into any form of body armour.
Your system is resistant to poisons. (rPois)
You are cold-blooded and may be slowed by cold attacks.


Message History

You hit the orc warrior but do no damage.
Your weapon exudes an aura of protection.
The orc warrior is heavily wounded.
The orc warrior hits you but does no damage.
The orc wizard hits you but does no damage.
You miss the orc wizard. You block the orc wizard's attack.
You block the orc warrior's attack.
You hit the orc wizard.
The orc wizard is moderately wounded.
You block the orc wizard's attack. You block the orc warrior's attack.
You closely miss the orc wizard.
The orc wizard is moderately wounded.
You block the orc wizard's attack.
The orc warrior hits you but does no damage.
The orc wizard gestures at you while chanting.
The puff of flame hits you!
You closely miss the orc wizard.
The orc wizard is moderately wounded.
The orc warrior hits you with a flail!!
You die...

#.# #.# #.# #.#
#.# #.# #.# #.#
#.# #.# #.# #.#
#.# #.# #.#
#####.# ########.#
#o@(..# .........#
#o##..#
############# #o
#.## ............#
#. #.#
###########.# #.
#.# #.# #. #.# #.#
#. #.# #.# #. #.#
#########.###.##.#


You could see an orc warrior, an orc wizard and an orc.

Vanquished Creatures
  The ghost of tester123 the Shield-Bearer, an amateur FoFi (D:4)
  Menkaure (D:6)
  A phantom (D:4)
  A big kobold (Sewer)
  2 hounds
  3 jellies (D:5)
  An orc wizard (D:3)
  An iguana (D:5)
  3 worker ants
  A hound skeleton (D:4)
  9 adders
  2 river rats (Sewer)
  An ooze (D:1)
  3 worms
  5 leopard geckos
  9 orcs
  4 bats
  5 giant cockroaches
  8 goblins
  15 hobgoblins
  6 jackals
  6 kobolds
  5 quokkas
  5 frilled lizards
  12 rats
110 creatures vanquished.

Notes
Turn   | Place    | Note
-------+----------+-------------------------------------------
     0 | D:1      | Labyrinth the Draconian Fire Elementalist began the quest for the Orb.
     0 | D:1      | Reached XP level 1. HP: 14/14 MP: 3/3
    72 | D:1      | Reached XP level 2. HP: 12/20 MP: 0/5
   262 | D:1      | Learned a level 2 spell: Throw Flame
   643 | D:1      | Reached XP level 3. HP: 26/26 MP: 3/6
  1128 | D:2      | Found a shadowy altar of Dithmenos.
  1931 | D:2      | Found a glowing golden altar of the Shining One.
  1944 | D:2      | Reached XP level 4. HP: 24/33 MP: 0/8
  1949 | D:2      | Learned a level 3 spell: Conjure Flame
  2508 | D:3      | Reached skill level 4 in Fire Magic
  2676 | D:3      | Reached XP level 5. HP: 33/39 MP: 0/9
  3024 | D:3      | Found a sacrificial altar of Ru.
  3102 | D:4      | Noticed tester123's ghost (amateur FoFi)
  3128 | D:4      | Killed tester123's ghost
  3128 | D:4      | Reached XP level 6. HP: 42/46 MP: 0/10
  3145 | D:4      | Learned a level 3 spell: Inner Flame
  3290 | D:4      | Reached skill level 1 in Fighting
  3290 | D:4      | Reached skill level 1 in Axes
  3290 | D:4      | Reached skill level 1 in Maces & Flails
  3384 | D:4      | Found a glowing drain.
  3417 | Sewer    | Entered a sewer
  3509 | Sewer    | Your scales start taking on a lurid green colour.
  3509 | Sewer    | Reached XP level 7. HP: 42/52 MP: 0/12
  3509 | Sewer    | Gained mutation: Your system is resistant to poisons. (rPois) [Green Draconian growth]
  3574 | Sewer    | Found a white marble altar of Elyvilon.
  3782 | D:4      | Reached skill level 5 in Fire Magic
  4044 | D:4      | Found a stormy altar of Qazlal.
  4049 | D:4      | Became a worshipper of Qazlal Stormbringer
  4053 | D:4      | Found a blossoming altar of Fedhas.
  4056 | D:4      | Found a hazy altar of Hepliaklqana.
  4135 | D:5      | Entered Level 5 of the Dungeon
  4159 | D:5      | Reached skill level 1 in Slings
  4232 | D:5      | Got a scorched buckler
  4238 | D:5      | Identified the +7 buckler of Classification {+Inv Stlth+} (You found it on level 5 of the Dungeon)
  4359 | D:5      | Found Racwiuvi's Antique Armour Shoppe.
  4665 | D:5      | Found a shadowy altar of Dithmenos.
  4760 | D:5      | Noticed an angel
  4761 | D:5      | Found a glowing silver altar of Zin.
  4996 | D:6      | Noticed Menkaure
  5001 | D:6      | Killed Menkaure
  5262 | D:6      | Learned a level 4 spell: Sticky Flame
  5309 | D:6      | Slain by an orc warrior

Skill      XL: |  1  2  3  4  5  6  7 |
---------------+----------------------+-----
Dodging        | 2 3 |  3.3
Stealth        | 2 |  2.6
Fire Magic     | 4 5 |  5.5
Spellcasting   | 3 4 |  4.1
Conjurations   | 2 3 |  3.1
Fighting       | 1 |  1.4
Axes           | 1 |  1.1
Maces & Flails | 1 2 |  2.3
Slings         | 1 |  1.0
Short Blades   | |  0.3
Throwing       | |  0.9
Shields        | |  0.1

Action                   |  1- 3 |  4- 6 |  7- 9 || total
-------------------------+-------+-------+-------++-------
Melee: Dagger            |   105 |       |       ||   105
       Tailslap          |    12 |     6 |     1 ||    19
       War axe           |       |    39 |       ||    39
       Flail             |       |    45 |    31 ||    76
 Fire: Hunting sling     |       |     6 |       ||     6
Throw: Stone             |     1 |    12 |       ||    13
 Cast: Flame Tongue      |    52 |    70 |    23 ||   145
       Throw Flame       |     6 |     8 |    18 ||    32
       Conjure Flame     |       |     4 |     1 ||     5
  Use: Scroll            |     1 |     5 |     5 ||    11
       Potion            |     1 |     1 |     3 ||     5
  Eat: Chunk             |     2 |     5 |     2 ||     9
       Ration            |     1 |       |     2 ||     3
Armor: Skin              |    73 |    52 |    17 ||   142
Dodge: Dodged            |   114 |    92 |    21 ||   227
Block: Buckler           |       |       |    12 ||    12
